 Dungeon Crawl Stone Soup version 0.29.1-4-g47bece8355 (webtiles) character file.

Game seed: 10788065508373453272

63 MacCMillion the Shooter (level 4, -4/34 HPs)
             Began as a Barachi Hunter on Dec 8, 2022.
             Killed from afar by Sigmund (7 damage)
             ... with a puff of flame
             ... on level 2 of the Dungeon.
             The game lasted 00:04:08 (1291 turns).

MacCMillion the Shooter (Barachi Hunter)            Turns: 1291, Time: 00:04:09

Health: -4/34      AC:  5    Str: 12    XL:     4   Next: 10%
Magic:  4/4        EV: 12    Int:  9    God:
Gold:   121        SH:  0    Dex: 18    Spells: 3/3 levels left

rFire   . . .      SeeInvis .   a - +0 shortbow
rCold   . . .      Faith    .   (shield currently unavailable)
rNeg    . . .      Spirit   .   c - +0 leather armour
rPois   .          Reflect  .   (no helmet)
rElec   .          Harm     .   f - +1 cloak
rCorr   .          Rampage  .   (no gloves)
Will    .....                   (no boots)
Stlth   ++........              (no amulet)
HPRegen 0.11/turn               (no ring)
MPRegen 0.09/turn               (no ring)

@: unable to hop, slow
A: amphibious, slowness 1, strong legs 1, +LOS
a: Hop


You were on level 2 of the Dungeon.
You visited 1 branch of the dungeon, and saw 2 of its levels.

You collected 121 gold pieces.

Inventory:

Hand Weapons
 a - a +0 shortbow (weapon)
 k - a +0 short sword of holy wrath
Armour
 c - a +0 leather armour (worn)
 f - a +1 cloak (worn)
 l - a scarf of invisibility
Scrolls
 b - a scroll of immolation
 d - a scroll of enchant armour {unknown}
 e - a scroll of enchant weapon {unknown}
 h - a scroll of summoning {unknown}
 i - 2 scrolls of identify
 j - 2 scrolls of blinking
 m - 3 scrolls of poison {unknown}
Potions
 g - a potion of cancellation


   Skills:
 - Level 2.5 Fighting
 + Level 5.4 Ranged Weapons
 - Level 2.2 Dodging
 - Level 1.0 Stealth


You had 3 spell levels left.
You didn't know any spells.
Your spell library contained the following spells:

 Spells                   Type           Power      Damage    Failure   Level
 Sting                    Tmut/Pois      0%         1d3       45%         1
 Poisonous Vapours        Pois/Air       0%         N/A       61%         2
 Animate Dead             Necr           0%         N/A       99%         4
 Olgreb's Toxic Radiance  Pois           0%         N/A       99%         4
 Haunt                    Necr/Summ      0%         N/A       100%        7
 Infestation              Necr           0%         N/A       100%        8


Dungeon Overview and Level Annotations

Branches:
Dungeon (2/15)

Altars:

Annotations:
D:2 Sigmund


Innate Abilities, Weirdness & Mutations

You are amphibious.
You cover ground slowly.
You can hop short distances.
You have an extended range of vision and can be seen from far away.


Message History

Sigmund mumbles some strange words.
Sigmund flickers and vanishes!
Deactivating autopickup; reactivate with Ctrl-A.
You bump into the rock wall.
You hear a zap.
A puff of flame appears from out of thin air!
The puff of flame hits you!
You bump into the rock wall.
You are more confused.
You bump into the rock wall.
You hear a zap.
A puff of flame appears from out of thin air!
The puff of flame hits you!
You bump into the rock wall.
Unknown command.
Okay, then.
Something tries to affect you, but you resist.
You bump into the rock wall.
You bump into the rock wall.
A puff of flame appears from out of thin air!
The puff of flame hits you but does no damage.
Something barely misses you.
You feel less confused. Something hits you but does no damage.
A magic dart appears from out of thin air!
The magic dart hits you!
* * * LOW HITPOINT WARNING * * *
A magic dart appears from out of thin air!
The magic dart hits you but does no damage.
Hop to where?
Press: ? - help, Dir - move target Boing!
You hear a zap.
A puff of flame appears from out of thin air!
The puff of flame hits you.
* * * LOW HITPOINT WARNING * * *
You hear a zap.
A puff of flame appears from out of thin air!
The puff of flame hits you!
You die...

#.............# #...#.
#.............# #...#.
#.............# #...#.
#.............#####...#.
#.............'[......#.
#.............#########.
#..................>....
#########....)...##....>...#####
##..............@................
.......###........##........#####
.......# #.................รท#
.......# #........##........####
......{# #........##...........#
.......###........##...........#
........{.).......##...........#
#.......#.........##...........#
#...............####........####


There were no monsters in sight!

Vanquished Creatures
  2 adders (D:2)
  A worm (D:2)
  2 dart slugs
  3 orcs (D:2)
  2 bats (D:2)
  An endoplasm (D:1)
  3 giant cockroaches
  3 goblins
  5 hobgoblins
  3 quokkas
  2 ball pythons
  5 kobolds
  2 rats
34 creatures vanquished.

Notes
Turn   | Place    | Note
-------+----------+-------------------------------------------
     0 | D:1      | MacCMillion the Barachi Hunter began the quest for the Orb.
     0 | D:1      | Reached XP level 1. HP: 17/17 MP: 1/1
   238 | D:1      | Reached skill level 1 in Stealth
   336 | D:1      | Reached XP level 2. HP: 23/23 MP: 2/2
   831 | D:2      | Reached XP level 3. HP: 28/28 MP: 3/3
   836 | D:2      | Found a faded altar of an unknown god.
   844 | D:2      | Reached skill level 5 in Ranged Weapons
  1099 | D:2      | Reached XP level 4. HP: 34/34 MP: 4/4
  1248 | D:2      | Noticed Sigmund
  1291 | D:2      | Killed from afar by Sigmund

Illustrated notes

Levels and vault maps discovered:
D:1:      saegor_arrival_simple_a, layout_basic
D:2:      layout_basic, basic_ecumenical_altar, uniq_sigmund

Skill      XL: |  1  2  3 |
---------------+----------+-----
Stealth        | 1 |  1.0
Ranged Weapons | 5 |  5.4
Fighting       | |  2.5
Dodging        | |  2.2

Action                   |  1- 3 |  4- 6 || total
-------------------------+-------+-------++-------
 Fire: Shortbow          |    82 |    12 ||    94
 Abil: Hop               |     2 |     1 ||     3
  Use: Scroll            |       |     2 ||     2
Armor: Leather armour    |     6 |     3 ||     9
Dodge: Dodged            |     8 |     2 ||    10
